 Dungeon Crawl Stone Soup version 0.22.0-60-ga52c2fcf6e (webtiles) character file.

100 ColeusSanctus the Skirmisher (level 4, 0/37 HPs)
             Began as a Demonspawn Skald on Sept 9, 2018.
             Slain by a gnoll
             ... wielding a +0 whip
              (6 damage)
             ... on level 3 of the Dungeon.
             The game lasted 00:05:26 (2014 turns).

ColeusSanctus the Skirmisher (Demonspawn Skald)     Turns: 2014, Time: 00:05:27

Health: 0/37       AC:  3    Str: 13    XL:     4   Next: 46%
Magic:  0/8        EV: 12    Int: 14    God:
Gold:   145        SH:  0    Dex: 12    Spells: 7/8 levels left

rFire    . . .     SeeInvis .   a - +0 falchion
rCold    . . .     Gourm    .   (no shield)
rNeg     . . .     Faith    .   b - +0 leather armour
rPois    .         Spirit   .   (no helmet)
rElec    .         Reflect  .   (no cloak)
rCorr    .         Harm     .   (no gloves)
MR       .....                  (no boots)
Stlth    +.........             (no amulet)
HPRegen  0.12/turn              (no ring)
MPRegen  0.11/turn              (no ring)

@: infused (expiring)
A: foul stench 1, rot immunity
a: no special abilities


You were on level 3 of the Dungeon.
You were hungry.

You visited 1 branch of the dungeon, and saw 3 of its levels.

You collected 145 gold pieces.

Inventory:

Hand Weapons
 a - a +0 falchion (weapon)
 f - a +1 dagger of draining
 g - a +0 spear
 k - a +0 short sword
Armour
 b - a +0 leather armour (worn)
Jewellery
 c - a +5 ring of dexterity {unknown}
 h - a +5 ring of evasion {unknown}
 p - a +4 ring of protection {unknown}
 q - an uncursed ring of poison resistance {unknown}
Scrolls
 e - 2 scrolls of fog {unknown}
 i - 2 scrolls of teleportation {unknown}
 j - a scroll of identify {unknown}
 l - a scroll of remove curse {unknown}
 s - 3 scrolls of blinking {unknown}
Potions
 n - a potion of lignification {unknown}
 o - a potion of curing {unknown}
 r - a potion of haste {unknown}
 t - a potion of might {unknown}
Comestibles
 d - 2 rations


   Skills:
 * Level 3.7 Fighting
 - Level 1.7 Long Blades
 - Level 0.8 Armour
 - Level 1.7 Dodging
 + Level 2.7 Spellcasting
 + Level 3.3 Charms


You had 7 spell levels left.
You knew the following spells:

 Your Spells              Type           Power        Failure   Level  Hunger
a - Infusion              Chrm           ##..         7%          1    #......

Your spell library contained the following spells:

 Spells                   Type           Power        Failure   Level  Hunger
 Song of Slaying          Chrm           ##......     11%         2    ###....
 Shroud of Golubria       Chrm/Tloc      #.........   22%         2    ###....
 Animate Skeleton         Necr           N/A          28%         1    #......
 Apportation              Tloc           #.....       28%         1    #......
 Confusing Touch          Hex            #.....       28%         1    #......
 Summon Small Mammal      Summ           #...         28%         1    #......
 Regeneration             Chrm/Necr      #.........   38%         3    ###....
 Spectral Weapon          Hex/Chrm       #.......     38%         3    ###....


Dungeon Overview and Level Annotations

Branches:
Dungeon (3/15)

Altars:


Innate Abilities, Weirdness & Mutations

You may emit foul miasma when damaged in melee.
You are immune to rotting.


Message History

You hit the gnoll.
You kill the gnoll!
You slash the orc!
You kill the orc!
You hit the gnoll.
The gnoll is lightly wounded.
The gnoll hits you with a whip!
You hit the gnoll.
The gnoll is moderately wounded.
The gnoll hits you with a whip.
You hit the gnoll but do no damage.
The gnoll is moderately wounded.
Your magical infusion is running out.
The gnoll hits you with a whip!
* * * LOW HITPOINT WARNING * * *
The gnoll misses you.
You hit the gnoll but do no damage.
The gnoll is moderately wounded.
The gnoll hits you with a whip.
You die...

#..o#'##...........
#.....#...........
#.o...#...........
#.....#....#####..
#.....#....### #.#
####g............
#...#########
+#########...#
.......@goo..#
###########..# ...#
#.## #+#


You could see a gnoll and 2 orcs.

Vanquished Creatures
  Terence (D:2)
  2 gnolls (D:3)
  An adder (D:3)
  A worm (D:2)
  2 dart slugs (D:1)
  An orc (D:3)
  A ball python (D:2)
  A giant cockroach (D:1)
  4 goblins
  5 hobgoblins
  A quokka (D:2)
  10 bats
  5 frilled lizards
  4 kobolds
  3 rats
42 creatures vanquished.

Notes
Turn   | Place    | Note
-------+----------+-------------------------------------------
     0 | D:1      | ColeusSanctus the Demonspawn Skald began the quest for the
                  | Orb.
     0 | D:1      | Reached XP level 1. HP: 16/16 MP: 3/3
   268 | D:1      | Gained mutation: You are immune to rotting. [demonic
                  | ancestry]
   268 | D:1      | Reached XP level 2. HP: 23/23 MP: 1/5
  1208 | D:2      | Reached XP level 3. HP: 18/28 MP: 0/6
  1517 | D:2      | Noticed Terence
  1530 | D:2      | Killed Terence
  1754 | D:3      | Gained mutation: You may emit foul miasma when damaged in
                  | melee. [demonic ancestry]
  1754 | D:3      | Reached XP level 4. HP: 28/35 MP: 7/7
  2014 | D:3      | Slain by a gnoll

Skill      XL: |  1  2  3 |
---------------+----------+-----
Charms         | 3 |  3.3
Fighting       | 3 |  3.7
Long Blades    | |  1.7
Armour         | |  0.8
Dodging        | |  1.7
Spellcasting   | |  2.7

Action                   |  1- 3 |  4- 6 || total
-------------------------+-------+-------++-------
Melee: Falchion          |    95 |    17 ||   112
 Cast: Infusion          |     6 |     1 ||     7
  Use: Potion            |     2 |       ||     2
 Stab: Sleeping          |     2 |       ||     2
  Eat: Chunk             |     3 |       ||     3
Armor: Leather armour    |    28 |     3 ||    31
Dodge: Dodged            |    67 |     7 ||    74
       Rpst.: Falchion   |    21 |     1 ||    22
